 Dungeon Crawl Stone Soup version 0.30-a0-358-g0d69a1922f (webtiles) character file.

Game seed: 13885424181180341160

220 billz999 the Skirmisher (level 5, -2/43 HPs)
             Began as a Gnoll Hunter on Nov 9, 2022.
             Killed by nerve-wracking pain
             ... invoked by Grinder
              (12 damage)
             ... on level 3 of the Dungeon.
             The game lasted 00:05:27 (2033 turns).

billz999 the Skirmisher (Gnoll Hunter)              Turns: 2033, Time: 00:05:28

Health: -2/43      AC:  3    Str: 11    XL:     5   Next: 97%
Magic:  7/7        EV: 14    Int:  8    God:
Gold:   188        SH:  0    Dex: 17    Spells: 7/7 levels left

rFire   . . .      SeeInvis .    a - +0 shortbow
rCold   . . .      Faith    .    (shield currently unavailable)
rNeg    . . .      Spirit   .    c - +0 leather armour
rPois   .          Reflect  .    (no helmet)
rElec   .          Harm     .    (no cloak)
rCorr   .          Rampage  .    (no gloves)
Will    .....                    (no boots)
Stlth   ++........               (no amulet)
HPRegen 0.27/turn                (no ring)
MPRegen 0.10/turn                (no ring)

@: no status effects
A: fangs 1, strong nose, distributed training
a: no special abilities


You were on level 3 of the Dungeon.
You visited 1 branch of the dungeon, and saw 3 of its levels.

You collected 188 gold pieces.

Inventory:

Hand Weapons
 a - a +0 shortbow (weapon)
Missiles
 k - a throwing net
Armour
 c - a +0 leather armour (worn)
Scrolls
 b - 2 scrolls of immolation
 d - 3 scrolls of identify {unknown}
 e - a scroll of fear {unknown}
 f - 2 scrolls of noise {unknown}
 g - 2 scrolls of blinking {unknown}
 h - a scroll of vulnerability {unknown}
 i - a scroll of poison {unknown}


   Skills:
 + Level 4.9 Fighting
 + Level 1.8 Short Blades
 + Level 1.8 Long Blades
 + Level 1.8 Axes
 + Level 1.8 Maces & Flails
 + Level 1.8 Polearms
 + Level 1.8 Staves
 + Level 8.7 Ranged Weapons
 + Level 1.8 Throwing
 + Level 1.8 Armour
 + Level 4.9 Dodging
 + Level 3.0 Stealth
 + Level 1.8 Shields
 + Level 1.8 Unarmed Combat
 + Level 1.8 Spellcasting
 + Level 1.4 Conjurations
 + Level 1.4 Hexes
 + Level 1.4 Summonings
 + Level 1.4 Necromancy
 + Level 1.4 Translocations
 + Level 1.4 Transmutations
 + Level 1.4 Fire Magic
 + Level 1.4 Ice Magic
 + Level 1.4 Air Magic
 + Level 1.4 Earth Magic
 + Level 1.4 Poison Magic
 + Level 2.0 Invocations
 + Level 1.8 Evocations


You had 7 spell levels left.
You didn't know any spells.
Your spell library contained the following spells:

 Spells                   Type           Power      Damage    Failure   Level
 Airstrike                Air            1%         2d(1-17)  95%         4
 Summon Lightning Spire   Summ/Air       2%         N/A       95%         4
 Lightning Bolt           Conj/Air       1%         1d12      100%        5


Dungeon Overview and Level Annotations

Branches:
Dungeon (3/15)

Altars:

Shops:
D:3 =

Annotations:
D:3 Grinder


Innate Abilities, Weirdness & Mutations

You have very sharp teeth.
Your uncanny sense of smell can sniff out nearby items.
Your experience applies equally to all skills.


Message History

It was a potion of curing.
You feel better. The bat hits you but does no damage. Grinder gestures at you.
Pain shoots through your body! The bat closely misses you.
Fire: a) +0 shortbow
Press: ? - help, Shift-Dir - straight line, f/p - Grinder
Aim: Grinder (moderately wounded, 63% to hit)
You shoot an arrow. The arrow hits Grinder.
Grinder is heavily wounded.
The bat hits you but does no damage. The bat misses you. Grinder misses you.
Unknown command.
Fire: a) +0 shortbow
Press: ? - help, Shift-Dir - straight line, f/p - Grinder
Aim: Grinder (heavily wounded, 63% to hit)
You shoot an arrow.
The arrow hits Grinder but does no damage.
Grinder is heavily wounded.
The bat closely misses you. Grinder hits you!
Fire: a) +0 shortbow
Press: ? - help, Shift-Dir - straight line, f/p - Grinder
Aim: Grinder (heavily wounded, 63% to hit)
You shoot an arrow. The arrow hits Grinder!
Grinder is severely wounded.
The bat hits you but does no damage. Grinder misses you.
Unknown command.
Fire: a) +0 shortbow
Press: ? - help, Shift-Dir - straight line, f/p - Grinder
Aim: Grinder (severely wounded, 63% to hit)
You shoot an arrow. The arrow hits Grinder.
Grinder is severely wounded.
The bat barely misses you. Grinder hits you.
* * * LOW HITPOINT WARNING * * *
Fire: a) +0 shortbow
Press: ? - help, Shift-Dir - straight line, f/p - Grinder
Aim: Grinder (severely wounded, 63% to hit)
You shoot an arrow. The arrow barely misses Grinder.
The bat barely misses you. Grinder gestures at you.
Pain shoots through your body!
You die...

#.. ∆ ..... #.###..# ..
.... . #.#.##.## ##.. #(..
.. #.#.....# #... ... ...
#.#.#...##..#. .. ..
#.#.##.....#.. .#.#
#.#.##.....#.######...#
##...##...)...b.@.....#
..#..##.....#.#..5...##
#...........#.#.######
##...#'#........#
.....#.#.....####
..#..#.#.......##
.....#<#.....#..#####
.....#.≈#.#..##.....####
.....#.≈..#..######....###


You could see Grinder and a bat.

Vanquished Creatures
  A bullfrog (D:3)
  An orc priest (D:1)
  2 orc wizards (D:2)
  An adder (D:2)
  2 dart slugs (D:2)
  3 orcs (D:2)
  6 ball pythons
  8 endoplasms
  6 goblins (D:1)
  7 hobgoblins
  3 jackals (D:2)
  5 kobolds
  4 quokkas
  5 bats
  2 frilled lizards
  5 rats
61 creatures vanquished.

Notes
Turn   | Place    | Note
-------+----------+-------------------------------------------
     0 | D:1      | billz999 the Gnoll Hunter began the quest for the Orb.
     0 | D:1      | Reached XP level 1. HP: 20/20 MP: 1/1
   149 | D:1      | Reached XP level 2. HP: 26/26 MP: 2/2
   572 | D:1      | Reached XP level 3. HP: 31/31 MP: 3/3
   709 | D:2      | Reached skill level 1 in Invocations
   765 | D:2      | Reached skill level 1 in Short Blades
   765 | D:2      | Reached skill level 1 in Long Blades
   765 | D:2      | Reached skill level 1 in Axes
   765 | D:2      | Reached skill level 1 in Maces & Flails
   765 | D:2      | Reached skill level 1 in Polearms
   765 | D:2      | Reached skill level 1 in Staves
   765 | D:2      | Reached skill level 1 in Throwing
   765 | D:2      | Reached skill level 1 in Armour
   765 | D:2      | Reached skill level 1 in Shields
   765 | D:2      | Reached skill level 1 in Unarmed Combat
   765 | D:2      | Reached skill level 1 in Spellcasting
   765 | D:2      | Reached skill level 1 in Evocations
   864 | D:2      | Reached XP level 4. HP: 38/38 MP: 5/5
   910 | D:1      | Reached skill level 1 in Conjurations
   910 | D:1      | Reached skill level 1 in Hexes
   910 | D:1      | Reached skill level 1 in Summonings
   910 | D:1      | Reached skill level 1 in Necromancy
   910 | D:1      | Reached skill level 1 in Translocations
   910 | D:1      | Reached skill level 1 in Transmutations
   910 | D:1      | Reached skill level 1 in Fire Magic
   910 | D:1      | Reached skill level 1 in Ice Magic
   910 | D:1      | Reached skill level 1 in Air Magic
   910 | D:1      | Reached skill level 1 in Earth Magic
   910 | D:1      | Reached skill level 1 in Poison Magic
  1108 | D:2      | HP: 1/38 [something/magic dart (6)]
  1110 | D:2      | Reached XP level 5. HP: 1/43 MP: 7/7
  1865 | D:3      | Found Lithet's Jewellery Emporium.
  2010 | D:3      | Noticed Grinder
  2021 | D:3      | Paralysed by Grinder for 5 turns
  2033 | D:3      | Killed from afar by Grinder

Illustrated notes

Levels and vault maps discovered:
D:1:      wander_arrival_peaceful_grave, layout_basic, minmay_shallow_snake_nest
D:2:      cheibrodos_pilgrimage, layout_basic, lightli_corner_chamber
D:3:      layout_rooms, minitemple, serial_shops, nicolae_shop_hallway_stairs,
          uniq_ijyb, uniq_grinder

Skill      XL: |  1  2  3  4  5 |
---------------+----------------+-----
Invocations    | 1 2 |  2.0
Short Blades   | 1 |  1.8
Long Blades    | 1 |  1.8
Axes           | 1 |  1.8
Maces & Flails | 1 |  1.8
Polearms       | 1 |  1.8
Staves         | 1 |  1.8
Throwing       | 1 |  1.8
Armour         | 1 |  1.8
Shields        | 1 |  1.8
Unarmed Combat | 1 |  1.8
Spellcasting   | 1 |  1.8
Evocations     | 1 |  1.8
Conjurations   | 1 |  1.4
Hexes          | 1 |  1.4
Summonings     | 1 |  1.4
Necromancy     | 1 |  1.4
Translocations | 1 |  1.4
Transmutations | 1 |  1.4
Fire Magic     | 1 |  1.4
Ice Magic      | 1 |  1.4
Air Magic      | 1 |  1.4
Earth Magic    | 1 |  1.4
Poison Magic   | 1 |  1.4
Stealth        | 3 |  3.0
Fighting       | |  4.9
Ranged Weapons | |  8.7
Dodging        | |  4.9

Action                   |  1- 3 |  4- 6 || total
-------------------------+-------+-------++-------
Melee: Shortbow          |       |     4 ||     4
 Fire: Shortbow          |    70 |    95 ||   165
  Use: Potion            |       |     2 ||     2
Armor: Leather armour    |     2 |    26 ||    28
Dodge: Dodged            |    10 |    44 ||    54

Table legend: (Time is in decaauts)
 A = Elapsed time spent in this place.
 B = Non-inter-level travel time spent in this place.
 C = Inter-level travel time spent in this place.
 D = Time resting spent in this place.
 E = Time spent auto-exploring this place.
 F = Levels seen in this place.
 G = Mean time per level.
                   A        B        C        D        E       F      G
               +--------+--------+--------+--------+--------+-----+--------+
         Total |   2053 |   1950 |    103 |    144 |   1489 |   3 |  684.3 |
       Dungeon |   2053 |   1950 |    103 |    144 |   1489 |   3 |  684.3 |
               +--------+--------+--------+--------+--------+-----+--------+

Top non-repeatable levels by time:
     D:1: 962 daAuts
     D:2: 909 daAuts
     D:3: 181 daAuts
